 Dungeon Crawl Stone Soup version 0.27.1-4-g1640c2035a (webtiles) character file.

Game seed: 2876749825441473256

7114 bearlyready the Slicer (level 11, -8/68 HPs)
             Began as a Kobold Hunter on Nov 17, 2021.
             Was a Follower of Dithmenos.
             Mangled by a seven-headed hydra (13 damage)
             ... on level 10 of the Dungeon.
             The game lasted 00:23:56 (13415 turns).

bearlyready the Slicer (Kobold Hunter)             Turns: 13415, Time: 00:23:57

Health: -8/68      AC:  7    Str: 11    XL:     11   Next: 31%
Magic:  12/12      EV: 14    Int: 12    God:    Dithmenos [*.....]
Gold:   337        SH:  0    Dex: 18    Spells: 10/10 levels left

rFire    . . .     SeeInvis .   H - +2 short sword (venom)
rCold    + . .     Faith    +   (shield restricted)
rNeg     . . .     Spirit   .   N - +2 leather armour of the Kettle-Drum {rElec Stlth+}
rPois    .         Reflect  .   K - +1 hat {Stlth+}
rElec    +         Harm     .   (no cloak)
rCorr    .         Rampage  .   (no gloves)
Will     +....                  o - +0 pair of boots
Stlth    +++++++++.             e - amulet of faith
HPRegen  0.21/turn              y - ring of protection from cold
MPRegen  0.13/turn              F - ring of willpower

@: wreathed by umbra
A: small, no large weapons, nightstalker 3
a: Renounce Religion


You were on level 10 of the Dungeon.
You worshipped Dithmenos.
Dithmenos was aware of your devotion.
You visited 2 branches of the dungeon, and saw 12 of its levels.
You also visited: Sewer.

You collected 464 gold pieces.
You spent 127 gold pieces at shops.

Inventory:

Hand Weapons
 a - a +1 hand crossbow
 b - a +1 short sword of draining
 g - a +0 short sword
 t - a +2 dagger of draining
 H - a +2 short sword of venom (weapon)
 J - a +0 rapier
 T - the +7 whip of the Purse {vorpal, Drain rElec rF+}
   (You found it on level 9 of the Dungeon)

   It inflicts extra damage upon your enemies.
   rF:        It protects you from fire.
   rElec:     It insulates you from electricity.
   Drain:     It drains your maximum health when unequipped.
Missiles
 d - 41 bolts
 f - 19 poisoned darts (quivered)
 P - a curare-tipped dart
 U - 3 atropa-tipped darts
Armour
 i - a +1 ring mail of cold resistance
 o - a +0 pair of boots (worn)
 D - a +0 kite shield of poison resistance
 K - a +1 hat of stealth (worn)
 N - the +2 leather armour of the Kettle-Drum (worn) {rElec Stlth+}
   (You found it on level 9 of the Dungeon)

   rElec:     It insulates you from electricity.
   Stlth:     It makes you more stealthy.
 Q - quicksilver dragon scales
 S - the +1 leather armour of the Frog {rC+ Int+2}
   (You found it on level 9 of the Dungeon)

   Int:       It affects your intelligence (+2).
   rC:        It protects you from cold.
Jewellery
 e - an amulet of faith (around neck)
 y - a ring of protection from cold (left hand)
 F - a ring of willpower (right hand)
 I - a ring of positive energy
 L - a ring of positive energy
 M - a ring of ice
Wands
 x - a wand of flame (20)
 E - a wand of mindburst (10)
Scrolls
 n - 4 scrolls of teleportation
 p - 2 scrolls of vulnerability
 q - a scroll of fear
 s - 3 scrolls of immolation
 v - a scroll of blinking {unknown}
 z - 2 scrolls of amnesia
 B - a scroll of enchant armour {unknown}
 C - 3 scrolls of fog
 G - a scroll of enchant weapon {unknown}
 V - a scroll of magic mapping
Potions
 c - a potion of invisibility {unknown}
 h - a potion of lignification {unknown}
 j - 4 potions of attraction
 k - 2 potions of berserk rage
 l - 3 potions of heal wounds
 m - 3 potions of curing
 r - a potion of mutation {unknown}
 u - 2 potions of degeneration {unknown}
 w - 4 potions of haste {unknown}
 A - 3 potions of flight {unknown}
 R - a potion of brilliance {unknown}


   Skills:
 + Level 8.2 Fighting
 + Level 11.8 Short Blades
 - Level 7.0 Crossbows
 - Level 2.4 Dodging
 + Level 11.7 Stealth
 + Level 2.4 Invocations
 + Level 8.1 Evocations


You had 10 spell levels left.
You didn't know any spells.
Your spell library contained the following spells:

 Spells                   Type           Power      Damage    Failure   Level
 Sting                    Tmut/Pois      0%         1d3       41%         1
 Summon Small Mammal      Summ           0%         N/A       41%         1
 Corpse Rot               Necr/Air       N/A        N/A       54%         2
 Poisonous Vapours        Pois/Air       0%         N/A       54%         2
 Call Canine Familiar     Summ           0%         N/A       78%         3
 Summon Guardian Golem    Hex/Summ       0%         N/A       78%         3
 Dispel Undead            Necr           0%         3d6       99%         4
 Olgreb's Toxic Radiance  Pois           0%         N/A       99%         4
 Death Channel            Necr           0%         N/A       100%        6


Dungeon Overview and Level Annotations

Branches:
Dungeon (11/15)            Temple (1/1) D:7            Lair (0/6) D:8
  Sewer (visited)
    Orc: D:9-12

Altars:
Ashenzari
Cheibriados
Dithmenos
Elyvilon
Fedhas
Gozag
Hepliaklqana
Kikubaaqudgha
Makhleb
Nemelex Xobeh
Okawaru
Qazlal
Ru
Sif Muna
Trog
Uskayaw
Vehumet
Wu Jian
Xom
Yredelemnul
Zin
The Shining One

Shops:
D:2 *   D:5 *

Annotations:
D:7 3 runed translucent doors, Icepheonix32's ghost, novice DsTm
D:9 exclusion: orange crystal statue


Innate Abilities, Weirdness & Mutations

You are small and have problems with some larger weapons.
You are completely attuned to the shadows.


Message History

What level of the Dungeon? (default 1, ? - help)
There is a stone staircase leading down here.
You climb downwards.
Found 14 sling bullets.
There is a stone staircase leading up here.
You open the door.
A cyclops, a shadow and a zombie come into view.
There are monsters nearby!
There are monsters nearby!
As you open the door, it creaks loudly!
You hear a roar!
You hear a shout!
You hear an angry hiss.
You hear a roar!
You hear a shout! x2
You hear a roar!
You hear a horrible gurgling sound!
A seven-headed hydra comes into view.
The seven-headed hydra completely misses you.
The seven-headed hydra misses you. The seven-headed hydra bites you! x2
The seven-headed hydra barely misses you.
The seven-headed hydra bites you. The seven-headed hydra bites you!
A komodo dragon comes into view.
There is an open door, spattered with blood here.
There is a stone staircase leading up here.
The seven-headed hydra closely misses you.
The seven-headed hydra bites you!
* * * LOW HITPOINT WARNING * * *
The seven-headed hydra bites you!
* * * LOW HITPOINT WARNING * * *
The seven-headed hydra completely misses you. x2
The seven-headed hydra misses you.
The seven-headed hydra barely misses you.
You climb upwards.
There is a stone staircase leading down here.
Okay, then.
Okay, then.
There is an open door here.
The seven-headed hydra bites you but does no damage. x2
The seven-headed hydra bites you!
* * * LOW HITPOINT WARNING * * *
The seven-headed hydra barely misses you.
The seven-headed hydra closely misses you.
The seven-headed hydra bites you!
You die...

##.........# #.#####......'..
########.### #.# ########..
####...# #.# ##' #....###
####'#### #. #.####
#......>### ### ##.#########
#.......'.## #.. #..........#
#.......#..## #..
##..........# #......)##..###
#..
##..........###D@....<###...#
#.. .#..........#.'.......#
###.# #..
.#............#.>.....#
#.###..
............###.......#
#...'.. ##..........#
#.......# #####..
#..........# #..^....# #..
############ ######### ###


You could see a seven-headed hydra.

Vanquished Creatures
  Gastronok (D:9)
  A two-headed ogre (D:10)
  5 yaks
  A water moccasin (D:8)
  Purgy (Sewer)
  An ice beast (D:7)
  2 orc warriors (D:8)
  2 sky beasts
  A necrophage (D:8)
  2 ogres
  4 centaurs
  A phantom (D:7)
  Blork the orc (D:6)
  A kobold brigand (D:8)
  A wyvern zombie (D:7)
  A gnoll sergeant (D:9)
  2 scorpions (D:5)
  5 wights (D:8)
  A howler monkey (D:7)
  An electric eel (D:8)
  A centaur skeleton (D:6)
  A hound (D:7)
  A bullfrog skeleton (D:7)
  5 centaur zombies
  9 orc priests
  2 jellies
  6 iguanas
  Natasha (thrice) (D:3)
  16 orc wizards
  Terence (D:3)
  2 killer bee zombies (D:8)
  2 howler monkey zombies
  5 gnolls (D:9)
  11 adders
  2 howler monkey skeletons
  3 worms
  3 dart slugs (D:3)
  35 orcs
  6 bats
  2 endoplasms
  6 giant cockroaches
  2 hobgoblins
  2 jackals (D:2)
  11 kobolds
  8 quokkas
  9 ball pythons
  5 frilled lizards
  11 goblins
  5 rats
210 creatures vanquished.

Notes
Turn   | Place    | Note
-------+----------+-------------------------------------------
     0 | D:1      | bearlyready the Kobold Hunter began the quest for the Orb.
     0 | D:1      | Reached XP level 1. HP: 12/12 MP: 1/1
   158 | D:1      | Reached skill level 1 in Short Blades
   158 | D:1      | Reached skill level 5 in Crossbows
   158 | D:1      | Reached XP level 2. HP: 3/13 MP: 2/2
   773 | D:1      | Reached XP level 3. HP: 21/22 MP: 3/3
  1383 | D:2      | You fall into a shaft and drop 2 floors!
  1395 | D:4      | Reached XP level 4. HP: 12/28 MP: 4/4
  1935 | D:2      | Found Reijalif's Assorted Antiques.
  1975 | D:2      | Reached XP level 5. HP: 16/32 MP: 5/5
  2698 | D:3      | Noticed Natasha
  2782 | D:3      | Killed Natasha
  2791 | D:3      | Noticed Terence
  2805 | D:3      | Killed Terence
  2990 | D:3      | Reached XP level 6. HP: 24/37 MP: 6/6
  3207 | D:3      | Found a faded altar of an unknown god.
  3273 | D:3      | Reached skill level 5 in Short Blades
  3385 | D:3      | Noticed Natasha
  3629 | D:3      | Killed Natasha
  3924 | D:3      | Noticed Natasha
  3930 | D:3      | Killed Natasha
  4092 | D:4      | Noticed an ogre
  4097 | D:4      | Killed an ogre
  4098 | D:4      | Reached XP level 7. HP: 41/41 MP: 7/7
  4909 | D:5      | Entered Level 5 of the Dungeon
  4941 | D:5      | Found Xailupn's Serpentskin Sales.
  4949 | D:5      | Bought a +0 kite shield of poison resistance for 127 gold
                  | pieces
  5227 | D:5      | Reached skill level 5 in Stealth
  5255 | D:5      | Reached XP level 8. HP: 40/46 MP: 8/8
  5282 | D:5      | Found a glowing drain.
  5489 | Sewer    | Entered a sewer
  5573 | Sewer    | Noticed Purgy
  5594 | Sewer    | Killed Purgy
  6046 | D:6      | Noticed a yak
  6047 | D:6      | Noticed a yak
  6049 | D:6      | Noticed a yak
  6050 | D:6      | Noticed a yak
  6051 | D:6      | Noticed a yak
  6346 | D:6      | Reached skill level 1 in Evocations
  6595 | D:7      | Found a runed translucent gate.
  6597 | D:7      | Found a runed translucent gate.
  6597 | D:7      | Noticed Icepheonix32's ghost (novice DsTm)
  6610 | D:7      | Found a runed translucent gate.
  6632 | D:7      | Reached XP level 9. HP: 16/52 MP: 9/9
  7390 | D:6      | Reached skill level 5 in Fighting
  7639 | D:6      | Found a shimmering altar of Xom.
  7779 | D:6      | Noticed Blork the orc
  7820 | D:6      | HP: 2/54 [Blork the orc/magic dart (6)]
  7821 | D:6      | Killed Blork the orc
  8011 | D:6      | Reached skill level 5 in Evocations
  8029 | D:6      | Reached skill level 10 in Short Blades
  8185 | D:6      | Reached XP level 10. HP: 60/60 MP: 10/10
  8551 | D:7      | Found a staircase to the Ecumenical Temple.
  8630 | Temple   | Entered the Ecumenical Temple
  9001 | Temple   | Became a worshipper of Dithmenos the Shadowed
  9554 | D:8      | Reached skill level 10 in Stealth
 10310 | D:8      | Found a staircase to the Lair.
 10548 | D:8      | Reached * piety under Dithmenos
 10885 | D:9      | Identified the +2 leather armour of the Kettle-Drum {rElec
                  | Stlth+}
 10976 | D:9      | Noticed Gastronok
 11014 | D:9      | Killed Gastronok
 11238 | D:9      | Reached XP level 11. HP: 67/67 MP: 11/11
 11839 | D:9      | Identified the +1 leather armour of the Frog {rC+ Int+2}
 12023 | D:9      | Identified the +7 whip of the Purse {vorpal, Drain rElec
                  | rF+}
 12189 | D:9      | Noticed an orange crystal statue
 12568 | D:10     | Entered Level 10 of the Dungeon
 12612 | D:10     | Noticed a two-headed ogre
 12642 | D:10     | Killed a two-headed ogre
 12643 | D:10     | Reached skill level 1 in Invocations
 13119 | D:10     | Found a portal to a secret trove of treasure.
 13374 | D:11     | Noticed a cyclops
 13380 | D:11     | Noticed a seven-headed hydra
 13415 | D:10     | Mangled by a seven-headed hydra

Illustrated notes

Levels and vault maps discovered:
D:1:      psy_arrival_spokes, layout_loops_ring, serial_glass, glass_columns_c,
          glass_columns_c, glass_columns_b, glass_columns_a, glass_columns_c,
          glass_columns_b, moated_statue
D:2:      layout_basic, serial_shops, nicolae_shop_behind_doors,
          serial_bayou_pond_c
D:3:      layout_loops_cross, hellmonk_ecumenical_altar_arch_garden,
          hangedman_abyss_or_decor_lesser_grid, uniq_terence, uniq_natasha
D:4:      layout_gridville
D:5:      layout_rooms, gup_sewer_entry_glass, guppyfry_shop_venom
D:6:      layout_rooms, mainiacjoe_overflow_alcove_1,
          chequers_serial_rivers_small_a, uniq_blork_the_orc
D:7:      layout_rooms, minmay_temple_entry_enclosed_plants,
          gammafunk_ghost_nasty_kobolds
D:8:      layout_basic, lair_entry_dummy
D:9:      layout_layer_cave, minmay_protected_statue, uniq_gastronok
D:10:     layout_roguey, enter_trove_0
D:11:     minmay_the_grid_square_5x5_4x4_mashed
          [minmay_the_grid_square_5x5_slash, minmay_the_grid_square_5x5_minibox,
          minmay_the_grid_square_5x5_inset,
          minmay_the_grid_square_5x5_hollow_slash, minmay_the_grid_square_5x5_v,
          minmay_the_grid_square_5x5_prize_pseudospiral,
          minmay_the_grid_square_5x5_prize_rear_guard,
          minmay_the_grid_square_5x5_lines,
          minmay_the_grid_square_5x5_sharp_hourglass,
          minmay_the_grid_square_5x5_prize_junk,
          minmay_the_grid_square_5x5_prize_gold,
          minmay_the_grid_square_5x5_trominoes,
          minmay_the_grid_square_5x5_longway,
          minmay_the_grid_square_5x5_shrine2,
          minmay_the_grid_square_5x5_tetrominoes,
          minmay_the_grid_square_5x5_three_small], layout_loops_ring,
          serial_glass, glass_columns_b, glass_columns_b, glass_columns_b,
          glass_columns_a, glass_columns_a, glass_columns_a,
          kennysheep_generic_room_9
Temple:   roderic_octagonal_lattice_temple

Skill      XL: |  1  2  3  4  5  6  7  8  9 10 11 |
---------------+----------------------------------+-----
Short Blades   | 1 2 3 4 6 7 8 10 11 | 11.8
Crossbows      | 5 6 7 |  7.0
Fighting       | 3 5 7 8 |  8.2
Stealth        | 3 5 7 9 11 | 11.7
Evocations     | 2 5 7 8 |  8.1
Invocations    | 2 |  2.4
Dodging        | |  2.4

Action                   |  1- 3 |  4- 6 |  7- 9 | 10-12 || total
-------------------------+-------+-------+-------+-------++-------
Melee: Short sword       |    11 |    70 |   356 |   254 ||   691
       Dagger            |    32 |    97 |       |       ||   129
 Fire: Hand crossbow     |    28 |     3 |    10 |       ||    41
Throw: Dart              |       |       |     4 |     9 ||    13
Evoke: Wand              |       |       |     8 |       ||     8
  Use: Scroll            |       |       |     9 |     2 ||    11
       Potion            |       |       |     2 |       ||     2
 Stab: Sleeping          |     4 |    10 |    21 |    18 ||    53
       Distracted        |       |       |     1 |     2 ||     3
Armor: Leather armour    |     4 |     6 |       |    35 ||    45
       Ring mail         |       |    22 |   100 |    31 ||   153
Dodge: Dodged            |    29 |    97 |   164 |   143 ||   433
